 Dungeon Crawl Stone Soup version 0.31-a0-851-g7ff8af7976 (webtiles) character file.

Game seed: 258101321272790867

107 AiryTheDragon the Firebug (level 4, 0/31 HPs)
             Began as a Demonspawn Fire Elementalist on Oct 7, 2023.
             Slain by a scorpion (5 damage)
             ... on level 3 of the Dungeon.
             The game lasted 00:22:34 (2123 turns).

AiryTheDragon the Firebug (DsFE)                    Turns: 2123, Time: 00:22:35

Health: 0/31       AC:  5    Str: 10    XL:     4   Next: 56%
Magic:  7/7        EV: 10    Int: 17    God:
Gold:   138        SH:  0    Dex: 13    Spells: 2/8 levels left

rFire   . .          .
                       - Unarmed
rCold   . . .        (no shield)
rNeg    . . .        q - +0 ring mail
rPois   .            (no helmet)
rElec   .            (no cloak)
rCorr   .            (no gloves)
SInv    .            (no boots)
Will    +....        (no amulet) Stlth
                     (no ring)
HPRegen 0.25/turn    (no ring)
MPRegen 0.10/turn

%: no passive effects
@: lethally poisoned (0 -> -2), silenced, enlightened, flying
A: claws 1, powered by death 1
a: no special abilities


You were on level 3 of the Dungeon.
You visited 1 branch of the dungeon, and saw 4 of its levels.

You collected 138 gold pieces.

Inventory:

Armour
 a - a +0 robe
 k - a +0 leather armour
 q - a +0 ring mail (worn)
Scrolls
 d - a scroll of teleportation {unknown}
 e - a scroll of identify {unknown}
 h - 4 scrolls of amnesia
 l - 2 scrolls of vulnerability
 n - 2 scrolls of immolation
 o - a scroll of poison {unknown}
Potions
 b - a potion of magic
 c - a potion of attraction {unknown}
 f - a potion of cancellation {unknown}
 g - a potion of curing {unknown}
 i - a potion of brilliance {unknown}
 j - a potion of haste {unknown}


   Skills:
 + Level 0.4 Fighting
 + Level 0.8 Armour
 + Level 2.1 Dodging
 + Level 2.1 Stealth
 + Level 1.7 Unarmed Combat
 + Level 2.5 Spellcasting
 + Level 1.8 Conjurations
 + Level 3.1 Fire Magic


You had 2 spell levels left.
You knew the following spells:

 Your Spells              Type           Power      Damage    Failure   Level
a - Foxfire               Conj/Fire      40%        2x1d6     19%         1
b - Scorch                Fire           24%        2d6       21%         2
c - Inner Flame           Hex/Fire       7%         N/A       58%         3

Your spell library contained the following spells:

 Spells                   Type           Power      Damage    Failure   Level
 Apportation              Tloc           4%         N/A       43%         1
 Freeze                   Ice            8%         1d3       43%         1
 Volatile Blastmotes      Fire/Tloc      14%        2d11      58%         3
 Flame Wave               Conj/Fire      10%        2d6       87%         4


Dungeon Overview and Level Annotations

Branches:
Dungeon (4/15)
 Temple: D:4-7

Altars:

Shops:
D:2 :

Annotations:
D:3 Ijyb


Innate Abilities, Weirdness & Mutations

You have sharp fingernails.
You regenerate a little health from kills.


Message History

The jackal bites you but does no damage.
The jackal attacks as it pursues you! The jackal barely misses you.
The jackal bites you. The jackal attacks as it pursues you!
The jackal closely misses you. The jackal bites you.
The jackal attacks as it pursues you! The jackal closely misses you.
There is a stone staircase leading down here.
You can't go up here!
The jackal barely misses you. x2
You climb downwards.
There is a stone staircase leading up here.
The jackal closely misses you. The scorpion stings you.
The ogre barely misses you.
You climb upwards.
Level annotation: Ijyb
There is a stone staircase leading down here.
The jackal closely misses you. The scorpion stings you.
Magic scrolls do not work when you're silenced!
You feel very buoyant.
You fly up into the air.
The jackal closely misses you. The scorpion closely misses you.
The jackal barely misses you.
The jackal bites you but does no damage.
The scorpion stings you.
You are poisoned.
The scorpion poisons you! The jackal barely misses you.
You feel very sick. The scorpion attacks as it pursues you!
The scorpion stings you.
* * * LOW HITPOINT WARNING * * *
You feel sick.
You feel sick. The jackal attacks as it pursues you!
The jackal barely misses you.
The jackal bites you but does no damage.
You feel sick. The jackal attacks as it pursues you!
The jackal bites you but does no damage.
A goblin comes into view. It is wielding a +0 sling.
You feel sick.
The goblin shoots a sling bullet.
The sling bullet barely misses you.
The goblin shoots a sling bullet.
The sling bullet hits you but does no damage.
The scorpion attacks as it pursues you! The scorpion stings you.
You die...

...# #.....#...# .#.#
#.≈≈.g# #.....#...#
.#.#.# #.≈≈..#
#...))#...# .#.#.#
#.≈≈..##+##.....##'##
.#.#.#
####.≈≈......#.....#.).#
...#.#
.....≈≈≈....g#.....#^..#
...#.#
.....≈≈≈≈≈≈≈#.....#≈≈≈#
.#.#.#
#.#..≈≈≈≈≈≈##'''##≈≈≈#
...#.# #.#....@#
#≈≈≈≈...≈≈≈≈## .#.#.###
#.#.##sh# ###≈≈...≈≈###
#......#
#.#.##..######....###
####.#.#
#.#.##.O#......÷###
#...#.#
#.#.##g.#.#####.#
#####.# #.#.##..#.# #.#
#####.# #.#†##..#.# #.#
##.....###.#.##..#g# #.#
#...............>#.# #.#


You could see an ogre, Ijyb, a scorpion, a jackal and 2 goblins.

Vanquished Creatures
  3 adders (D:2)
  A white imp (D:3)
  2 dart slugs
  A worm (D:2)
  5 ball pythons (D:1)
  8 endoplasms
  A giant cockroach (D:3)
  13 goblins
  4 hobgoblins
  2 jackals (D:3)
  2 quokkas
  7 bats
  6 frilled lizards
  4 kobolds
  5 rats
64 creatures vanquished.

Vanquished Creatures (others)
  88 foxfires
88 creatures vanquished.

Grand Total: 152 creatures vanquished

Notes
Turn   | Place    | Note
-------+----------+-------------------------------------------
     0 | D:1      | AiryTheDragon the Demonspawn Fire Elementalist began the
                  | quest for the Orb.
     0 | D:1      | Reached XP level 1. HP: 13/13 MP: 3/3
   115 | D:1      | Got a moth-eaten book
   352 | D:1      | Gained mutation: You have sharp fingernails. [demonic
                  | ancestry]
   352 | D:1      | Reached XP level 2. HP: 19/19 MP: 1/5
   647 | D:1      | Reached skill level 3 in Fire Magic
   957 | D:1      | Reached XP level 3. HP: 23/24 MP: 6/6
  1120 | D:2      | Learned a level 2 spell: Scorch
  1198 | D:2      | Found Idorche's Book Shoppe.
  1563 | D:2      | Reached skill level 1 in Unarmed Combat
  1563 | D:2      | Gained mutation: You regenerate a little health from kills.
                  | [demonic ancestry]
  1563 | D:2      | Reached XP level 4. HP: 18/31 MP: 5/7
  1873 | D:3      | Learned a level 3 spell: Inner Flame
  2063 | D:3      | Noticed Ijyb
  2112 | D:4      | Noticed an ogre
  2112 | D:4      | Noticed a scorpion
  2123 | D:3      | Slain by a scorpion

Illustrated notes

Levels and vault maps discovered:
D:1:      dpeg_arrival_connections, layout_basic
D:2:      layout_rooms, serial_shops, nicolae_shop_tiny_glass, st_stairs_11,
          due_unseen_surprise
D:3:      kennysheep_goblin_castle, layout_basic, mainiacjoe_overflow_alcove_2,
          hellmonk_ecumenical_altar_run_dry, kennysheep_orc_chapel
D:4:      layout_loops_ring, grunt_gozag_breadcrumbs, uniq_blork_the_orc

Skill      XL: |  1  2  3 |
---------------+----------+-----
Fire Magic     | 3 |  3.1
Dodging        | 2 |  2.1
Stealth        | 2 |  2.1
Unarmed Combat | 1 |  1.7
Fighting       | |  0.4
Armour         | |  0.8
Spellcasting   | |  2.5
Conjurations   | |  1.8

Action                     |  1- 3 |  4- 6 || total
---------------------------+-------+-------++-------
  Melee: Unarmed           |   142 |    42 ||   184
   Cast: Foxfire           |    38 |    14 ||    52
    Use: Scroll            |     1 |     3 ||     4
         Potion            |       |     2 ||     2
   Stab: Sleeping          |     6 |       ||     6
 Armour: Robe              |    26 |       ||    26
         Leather armour    |    45 |    26 ||    71
         Ring mail         |       |    20 ||    20
  Dodge: Dodged            |    75 |    43 ||   118

Table legend: (Time is in decaauts)
 A = Elapsed time spent in this place.
 B = Non-inter-level travel time spent in this place.
 C = Inter-level travel time spent in this place.
 D = Time resting spent in this place.
 E = Time spent auto-exploring this place.
 F = Levels seen in this place.
 G = Mean time per level.
                   A        B        C        D        E       F      G
               +--------+--------+--------+--------+--------+-----+--------+
         Total |   2120 |   1996 |    124 |     99 |   1227 |   4 |  530.0 |
       Dungeon |   2120 |   1996 |    124 |     99 |   1227 |   4 |  530.0 |
               +--------+--------+--------+--------+--------+-----+--------+

Top non-repeatable levels by time:
     D:1: 1113 daAuts
     D:2: 679 daAuts
     D:3: 326 daAuts
     D:4: 1 daAuts
